AoeStats
← Chino Mala Gente

Arabia

509917520Analyzed
1v1 RM · 2d ago on Sep 28, 2026· 28m 7s· 2 players
Game mode
Random Map
Map size
Tiny (2 player)
Population
200
Speed
Normal
Resources
Standard
Victory
Conquest
Starting age
Dark Age
Ending age
Imperial Age
RankedLock teamsTeams togetherTeam positionsShared explorationLock speedFull tech treeHidden civsTurbo modeCheats
Victory
Defeat
🇨🇳 Mongols · China
1233
+16
🇨🇴 Mongols · Colombia
1223
-16
Chino Mala Gente
4:48 Loom
5:00 Loom
7:35 Feudal Age
17:57 Castle Age
16:43 Double-Bit Axe
18:06 Wheelbarrow
21:47 Husbandry
23:13 Elite Skirmisher
25:03 Fletching
25:20 Padded Archer Armor
27:23 Fletching
初中王
10:57 Feudal Age
10:47 Loom
17:22 Castle Age
15:41 Double-Bit Axe
16:06 Horse Collar
18:21 Fletching
19:19 Bodkin Arrow
24:51 Husbandry
27:47 Bloodlines
Connection lost

Rejoining the realm…

Still unreachable

The connection could not be restored.

Session expired

The server has moved on; the page needs a fresh start.